 Dungeon Crawl Stone Soup version 0.31.0-11-ge490571c62 (webtiles) character file.

Game seed: 4710384795429772793

2543 hawla the Destroyer (level 9, -4/51 HPs)
             Began as a Deep Elf Conjurer on Jan 29, 2024.
             Was an Initiate of Vehumet.
             Engulfed by a steam dragon's steam (12 damage)
             ... on level 6 of the Dungeon on Jan 30, 2024.
             The game lasted 00:18:35 (7763 turns).

hawla the Destroyer (Deep Elf Conjurer)             Turns: 7763, Time: 00:18:36

Health: -4/51      AC:  6    Str:  2    XL:     9   Next: 30%
Magic:  12/20      EV: 13    Int: 28    God:    Vehumet [......]
Gold:   323        SH:  0    Dex: 13    Spells: 6/21 levels left

rFire   . . .        m - +3 quarterstaff (chaos)
rCold   . . .        (shield currently unavailable)
rNeg    . . .        a - +2 robe
rPois   .            (no helmet)
rElec   .            p - +0 cloak
rCorr   .            j - +0 pair of gloves
SInv    +            (no boots)
Will    .....        (no amulet)
Stlth   ++           (no ring)
HPRegen 0.28/turn    (no ring)
MPRegen 0.17/turn

%: clarity
@: no status effects
A: see invisible, clarity, robust 1, weak 1
a: Renounce Religion


You were on level 6 of the Dungeon.
You worshipped Vehumet.
Vehumet was noncommittal.
You visited 2 branches of the dungeon, and saw 7 of its levels.

You collected 323 gold pieces.

Inventory:

Hand Weapons
 m - a +3 quarterstaff of chaos (weapon)
Armour
 a - a +2 robe (worn)
 j - a +0 pair of gloves (worn)
 p - a +0 cloak (worn)
Jewellery
 n - a +4 ring of protection
Wands
 o - a wand of flame (6)
 s - a wand of charming (8)
 t - a wand of acid (3)
Scrolls
 c - 4 scrolls of teleportation
 d - a scroll of torment
 q - a scroll of silence
 v - a scroll of amnesia {unknown}
Potions
 b - 2 potions of magic
 e - 2 potions of enlightenment
 f - a potion of cancellation {unknown}
 g - a potion of attraction
 h - a potion of heal wounds {unknown}
 i - 3 potions of mutation
 k - 2 potions of degeneration {unknown}
 l - 2 potions of curing
 r - 2 potions of berserk rage {unknown}
 u - a potion of invisibility {unknown}


   Skills:
 - Level 1.0 Fighting
 - Level 4.0 Dodging
 - Level 4.0 Stealth
 + Level 6.6 Spellcasting
 - Level 8.0 Conjurations
 - Level 3.0 Translocations
 - Level 6.0 Ice Magic
 - Level 6.0 Air Magic
 - Level 3.0 Evocations


You had 6 spell levels left.
You knew the following spells:

 Your Spells              Type           Power      Damage    Failure   Level
a - Magic Dart            Conj           100%       1d8       1%          1
b - Searing Ray           Conj           100%       2d8       1%          2
c - Iskenderun's Mystic   Conj/Tloc      40%        2d9       6%          4
d - Hailstorm             Conj/Ice       48%        3d10      1%          3
e - Freezing Cloud        Conj/Ice/Air   23%        6-21      11%         5

Your spell library contained the following spells:

 Spells                   Type           Power      Damage    Failure   Level
 Freeze                   Ice            100%       1d10      1%          1
 Frozen Ramparts          Ice            84%        1d13      1%          3
 Mercury Vapours          Alch/Air       52%        N/A       2%          2
 Mephitic Cloud           Conj/Alch/Air  35%        N/A       2%          3
 Fulminant Prism          Conj/Alch      15%        3d11      11%         4


Dungeon Overview and Level Annotations

Branches:
Dungeon (6/15)             Temple (1/1) D:4

Altars:
Ashenzari
Dithmenos
Elyvilon
Fedhas
Hepliaklqana
Kikubaaqudgha
Nemelex Xobeh
Okawaru
Qazlal
Ru
Trog
Uskayaw
Vehumet
Wu Jian
Yredelemnul
The Shining One


Innate Abilities, Weirdness & Mutations

You have supernaturally acute eyesight. (SInv)
You possess an exceptional clarity of mind.
You are robust. (+10% HP)
You are weak. (Str -2)


Message History

You can't see any susceptible monsters within range! (Use Z to cast anyway.)
You are engulfed in a cloud of scalding steam.
Casting: Searing Ray (safe; 1% risk of failure)
Confirm with . or Enter, or press ? or * to list all spells.
Aiming: Searing Ray (safe; 1% risk of failure)
Press: ? - help, Shift-Dir - straight line, f - steam dragon
Aim: a steam dragon (wandering, hasn't noticed you, 83% to hit)
The searing ray hits the steam dragon.
The steam dragon is lightly wounded. (Press . to maintain the ray.)
The searing ray hits the steam dragon!
The steam dragon is heavily wounded.
The searing ray misses the steam dragon.
The searing ray hits the steam dragon.
The steam dragon is severely wounded.
You finish channelling your searing ray.
The steam dragon barely misses you. The steam dragon completely misses you.
Casting: Searing Ray (safe; 1% risk of failure)
Confirm with . or Enter, or press ? or * to list all spells.
You erupt in a blast of force!
The mystic blast hits the steam dragon!
The steam dragon is almost dead.
The steam dragon is knocked back by the mystic blast.
The steam dragon breathes steam at you. The ball of steam hits you!!
Ouch! That really hurt!
Casting: Iskenderun's Mystic Blast (dangerous; 6% risk of failure)
Confirm with . or Enter, or press ? or * to list all spells.
You can't see any susceptible monsters within range! (Use Z to cast anyway.)
The steam dragon breathes steam at you. The ball of steam hits you!
* * * LOW HITPOINT WARNING * * *
It was a potion of mutation.
You feel extremely strange.
You feel weaker.
You feel robust.
Your thoughts seem clearer.
Your vision sharpens.
You are engulfed in a cloud of scalding steam.
* * * LOW HITPOINT WARNING * * *
Okay, then.
It was a potion of curing.
You feel better.
You are engulfed in a cloud of scalding steam.
You die...

.....#..## #.# ####....#
#.# ####.# #.# ##'## #.#
##...## #.# ##.....##
#.#### #.......## ##D...#
###.........####§§.#.###.
..+.........'..§@§§......
###.........#.##§§§....##
##............#§.###.#
##.....##..#.#§§# #
##...#....#....#
##+.#.#..#.#...
#....#.........#
#######.#..#.####.#### ..
..#.#.... .#


You could see a steam dragon.

Vanquished Creatures
  Sigmund (D:2)
  A wyvern (D:5)
  Eustachio (D:6)
  A water moccasin (D:5)
  An acid dragon (D:6)
  An ice beast (D:6)
  A black bear (D:5)
  An ogre (D:5)
  A phantom (D:6)
  A bullfrog (D:6)
  2 necrophages (D:6)
  A wyvern zombie (D:6)
  4 scorpions
  A wight (D:6)
  3 bombardier beetles
  2 bullfrog zombies (D:6)
  A human zombie (D:6)
  2 centaur zombies (D:6)
  2 jellies (D:5)
  4 hounds
  Crazy Yiuf (D:4)
  3 orc wizards
  Natasha (thrice) (D:2)
  4 iguanas
  A statue (D:5)
  A killer bee zombie (D:6)
  2 mummies (D:6)
  6 gnolls
  6 adders
  A white imp (D:5)
  2 ufetubi (D:5)
  4 ribbon worms
  3 dart slugs
  10 orcs
  3 bats
  9 endoplasms
  2 giant cockroaches
  5 goblins
  10 hobgoblins
  9 jackals
  2 quokkas
  7 ball pythons
  2 frilled lizards (D:2)
  3 kobolds
  5 rats
136 creatures vanquished.

Notes
Turn   | Place    | Note
-------+----------+-------------------------------------------
     0 | D:1      | hawla the Deep Elf Conjurer began the quest for the Orb.
     0 | D:1      | Reached XP level 1. HP: 10/10 MP: 6/6
   137 | D:1      | Reached XP level 2. HP: 15/15 MP: 1/8
   242 | D:1      | Reached skill level 5 in Conjurations
   860 | D:1      | Learned a level 2 spell: Searing Ray
  1089 | D:2      | Reached XP level 3. HP: 19/19 MP: 1/9
  1290 | D:2      | Noticed Natasha
  1294 | D:2      | Killed Natasha
  1295 | D:2      | Reached skill level 6 in Conjurations
  1351 | D:2      | Noticed Natasha
  1356 | D:2      | Killed Natasha
  1357 | D:2      | Reached XP level 4. HP: 24/24 MP: 3/12
  1363 | D:2      | Learned a level 4 spell: Iskenderun's Mystic Blast
  1511 | D:2      | Noticed Sigmund
  1519 | D:2      | Killed Sigmund
  1520 | D:2      | Reached XP level 5. HP: 28/28 MP: 0/15
  1585 | D:2      | Noticed Natasha
  1591 | D:2      | Killed Natasha
  1592 | D:2      | Reached XP level 6. HP: 25/32 MP: 5/17
  1823 | D:2      | Found a faded altar of an unknown god.
  2341 | D:2      | Learned a level 3 spell: Hailstorm
  2701 | D:3      | Reached skill level 1 in Ice Magic
  2910 | D:3      | Found a blossoming altar of Fedhas.
  3669 | D:4      | Reached skill level 1 in Air Magic
  3669 | D:4      | Reached XP level 7. HP: 36/36 MP: 6/18
  3692 | D:4      | Learned a level 5 spell: Freezing Cloud
  3838 | D:4      | Found a white marble altar of Elyvilon.
  4208 | D:4      | Found a runed translucent door.
  4209 | D:4      | Noticed Crazy Yiuf
  4289 | D:4      | Found a staircase to the Ecumenical Temple.
  4301 | Temple   | Entered the Ecumenical Temple
  4644 | D:4      | Killed Crazy Yiuf
  4708 | D:5      | Entered Level 5 of the Dungeon
  4903 | D:5      | Reached skill level 5 in Ice Magic
  4908 | D:5      | Reached XP level 8. HP: 39/41 MP: 4/19
  5688 | D:5      | Reached skill level 5 in Air Magic
  6029 | D:5      | Found a radiant altar of Vehumet.
  6036 | D:5      | Became a worshipper of Vehumet
  6323 | D:6      | Noticed Eustachio
  6332 | D:6      | Killed Eustachio
  6333 | D:6      | Reached skill level 1 in Evocations
  6776 | D:6      | Reached skill level 1 in Fighting
  6937 | D:6      | Reached XP level 9. HP: 47/47 MP: 16/20
  7028 | D:6      | Reached skill level 7 in Conjurations
  7142 | D:6      | Found a basalt altar of Yredelemnul.
  7543 | D:6      | Reached skill level 8 in Conjurations
  7762 | D:6      | Gained mutation: You are weak. (Str -2) [potion of
                  | mutation]
  7762 | D:6      | Gained mutation: You are robust. (+10% HP) [potion of
                  | mutation]
  7762 | D:6      | Gained mutation: You possess an exceptional clarity of
                  | mind. [potion of mutation]
  7762 | D:6      | Gained mutation: You have supernaturally acute eyesight.
                  | (SInv) [potion of mutation]
  7762 | D:6      | HP: 2/51 [something] (6)]
  7763 | D:6      | Engulfed by a steam dragon's steam

Illustrated notes

Levels and vault maps discovered:
D:1:      shiori_shiawase, layout_basic
D:2:      layout_basic, shapermc_ecumenical_altar_hornbeckon, minivault_5,
          serial_bayou_pond_c, st_stairs_8, kennysheep_generic_room_6,
          uniq_natasha, uniq_sigmund
D:3:      layout_rooms, fedhas_altar_3
D:4:      layout_loops_ring, lemuel_crystal_altar,
          minmay_temple_entry_antechambers, uniq_crazy_yiuf_cottage
D:5:      layout_cave_pods, vehumet_statue, kennysheep_generic_room_14
D:6:      layout_loops_corners, makhleb_altar_promises_db,
          lemuel_mausoleum_altar_yredelemnul, minmay_misc_feat_columns,
          uniq_eustachio
Temple:   hellmonk_temple_flake

Skill      XL: |  1  2  3  4  5  6  7  8  9 |
---------------+----------------------------+-----
Conjurations   | 5 6 8 |  8.0
Spellcasting   | 4 6 |  6.6
Translocations | 2 3 |  3.0
Ice Magic      | 1 5 6 |  6.0
Dodging        | 4 |  4.0
Stealth        | 4 |  4.0
Air Magic      | 1 2 6 |  6.0
Evocations     | 3 |  3.0
Fighting       | 1 |  1.0

Action                     |  1- 3 |  4- 6 |  7- 9 || total
---------------------------+-------+-------+-------++-------
  Melee: Unarmed           |       |     5 |       ||     5
         Punch             |       |     1 |       ||     1
         Quarterstaff      |       |       |    35 ||    35
   Cast: Magic Dart        |    42 |    20 |    27 ||    89
         Searing Ray       |     7 |    30 |    61 ||    98
         Iskenderun's Myst |       |     4 |    24 ||    28
         Hailstorm         |       |     2 |     4 ||     6
         Freezing Cloud    |       |       |     1 ||     1
    Use: Scroll            |     4 |     4 |       ||     8
         Potion            |       |       |     2 ||     2
   Stab: Sleeping          |       |     1 |     1 ||     2
 Armour: Robe              |     4 |    10 |    58 ||    72
  Dodge: Dodged            |     4 |    14 |    72 ||    90
